 Dungeon Crawl Stone Soup version 0.26.1-11-gd32895ea62 (webtiles) character file.

Game seed: 11096253677952416467

434 Zeld the Chucker (level 7, 0/45 HPs)
             Began as an Octopode Brigand on May 15, 2021.
             Was a Follower of Fedhas.
             Slain by an orc
             ... wielding a +0 dagger
              (6 damage)
             ... on level 7 of the Dungeon.
             The game lasted 00:04:23 (4429 turns).

Zeld the Chucker (Octopode Brigand)                 Turns: 4429, Time: 00:04:24

Health: 0/45       AC:  1    Str: 12    XL:     7   Next: 0%
Magic:  12/12      EV: 13    Int: 13    God:    Fedhas [*.....]
Gold:   60         SH:  0    Dex: 14    Spells: 12/12 levels left

rFire    . . .     SeeInvis .   k - +2 dagger (elec)
rCold    . . .     Faith    .   (no shield)
rNeg     . . .     Spirit   .   (helmet restricted)
rPois    .         Reflect  .   (no amulet)
rElec    .         Harm     .   (no ring)
rCorr    .         Rampage  .   (no ring)
Will     .....                  (no ring)
Stlth    ++++......             (no ring)
HPRegen  0.15/turn              (no ring)
MPRegen  0.13/turn              (no ring)
                                (no ring)
                                (no ring)

@: no status effects
A: almost no armour, stealthy swim, amphibious, 8 rings, constrict 8, camouflage
1, gelatinous body 1
a: Renounce Religion


You were on level 7 of the Dungeon.
You worshipped Fedhas.
Fedhas was aware of your devotion.
You visited 2 branches of the dungeon, and saw 8 of its levels.

You collected 60 gold pieces.

Inventory:

Hand Weapons
 a - a +2 dagger
 k - a +2 dagger of electrocution (weapon)
Missiles
 b - 8 poisoned darts (quivered)
 c - a curare-tipped dart
 j - 6 atropa-tipped darts
 m - 7 datura-tipped darts
Jewellery
 i - an uncursed ring of wizardry {unknown}
Scrolls
 e - a scroll of teleportation {unknown}
 f - a scroll of immolation {unknown}
 g - a scroll of remove curse {unknown}
 l - a scroll of fog {unknown}
Potions
 d - 2 potions of curing {unknown}
 h - a potion of attraction {unknown}


   Skills:
 - Level 2.0 Fighting
 - Level 2.0 Short Blades
 - Level 6.0 Throwing
 - Level 1.0 Dodging
 - Level 5.3 Stealth
 + Level 3.4 Spellcasting


You had 12 spell levels left.
You didn't know any spells.
Your spell library was empty.

Dungeon Overview and Level Annotations

Branches:
Dungeon (7/15)             Temple (1/1) D:4

Altars:
Ashenzari
Dithmenos
Elyvilon
Fedhas
Gozag
Hepliaklqana
Kikubaaqudgha
Qazlal
Ru
Sif Muna
Trog
Uskayaw
Wu Jian
Xom
Yredelemnul
Zin
The Shining One

Annotations:
D:7 Pikel


Innate Abilities, Weirdness & Mutations

You cannot wear most types of armour.
You are very stealthy in the water. (Stealth+)
You are amphibious.
You can wear up to eight rings at the same time.
You can use your tentacles to constrict eight enemies at once.
Your skin changes colour to match your surroundings (Stealth+).
Your rubbery body absorbs attacks. (AC +1, EV +1)


Message History

An orc comes into view. It is wielding a +0 dagger.
The jackal bites you.
An orc warrior comes into view. It is wielding a +0 short sword.
The orc shouts!
You hit the jackal. Lightning courses through the jackal!
You kill the jackal!
Fedhas accepts your kill.
The orc warrior hits you with a +0 short sword!!
An orc comes into view.
An iguana comes into view.
There is a stone staircase leading up here.
You see here 21 stones.
An orc comes into view.
The orc warrior hits you with a +0 short sword!
* * * LOW HITPOINT WARNING * * *
The orc hits you with a +0 dagger.
* * * LOW HITPOINT WARNING * * *
The orc hits you with a +0 dagger.
You die...
Fedhas appreciates your contribution to the ecosystem.

#.## #######.# #.#
#.......# #.#
#.####### #)##
#.#....##
#).###.#.....#
#......#.....#
#.######(....#
#####..o....oo...#
#....###...@.....#
#....# ######.####
#...o# #.# #....#
#.# #....# #.#
#....########.##
#....##.......##
#.......#########
#....#..# ###.....


You could see an orc warrior and 2 orcs.

Vanquished Creatures
  An ice beast (D:5)
  A lemure (D:6)
  A scorpion (D:4)
  A hound (D:5)
  2 orc wizards (D:5)
  3 worker ants (D:4)
  3 adders
  A shadow imp (D:2)
  2 oozes
  2 worms
  A dart slug (D:1)
  2 leopard geckos
  20 orcs
  A bat (D:1)
  5 giant cockroaches
  5 goblins
  4 hobgoblins (D:1)
  9 jackals
  2 kobolds (D:2)
  A quokka (D:4)
  3 ball pythons
  A frilled lizard (D:1)
  3 rats
74 creatures vanquished.

Vanquished Creatures (others)
  A bat (D:3)
1 creature vanquished.

Grand Total: 75 creatures vanquished

Notes
Turn   | Place    | Note
-------+----------+-------------------------------------------
     0 | D:1      | Zeld the Octopode Brigand began the quest for the Orb.
     0 | D:1      | Reached XP level 1. HP: 14/14 MP: 1/1
   251 | D:1      | Reached XP level 2. HP: 19/19 MP: 2/2
   499 | D:1      | Reached skill level 1 in Spellcasting
   539 | D:1      | Reached skill level 3 in Throwing
   541 | D:1      | Reached XP level 3. HP: 18/24 MP: 4/4
   961 | D:3      | Reached XP level 4. HP: 28/29 MP: 6/6
  1108 | D:3      | Found a white marble altar of Elyvilon.
  1156 | D:4      | Noticed a centaur
  1179 | D:4      | Found a staircase to the Ecumenical Temple.
  1188 | Temple   | Entered the Ecumenical Temple
  1436 | Temple   | Became a worshipper of Fedhas Madash
  1515 | D:4      | Noticed a phantom
  1725 | D:4      | Reached skill level 4 in Throwing
  1725 | D:4      | Reached XP level 5. HP: 18/34 MP: 6/8
  1944 | D:5      | Entered Level 5 of the Dungeon
  1950 | D:5      | Reached skill level 5 in Throwing
  2372 | D:5      | Reached XP level 6. HP: 37/39 MP: 8/10
  2428 | D:5      | Noticed an ice beast
  2469 | D:5      | Killed an ice beast
  2833 | D:5      | Reached * piety under Fedhas
  2893 | D:5      | Noticed a sky beast
  3377 | D:7      | Found a shadowy altar of Dithmenos.
  3379 | D:7      | Noticed an orc warrior
  3380 | D:7      | Noticed Pikel
  3850 | D:6      | Reached skill level 6 in Throwing
  3916 | D:6      | Noticed an orc warrior
  4390 | D:7      | Reached XP level 7. HP: 40/45 MP: 12/12
  4429 | D:7      | Slain by an orc

Illustrated notes

Levels and vault maps discovered:
D:1:      lightli_arrival_farm, layout_loops_ring
D:2:      layout_basic, minmay_increasing_density
D:3:      layout_loops_ring, elyvilon_altar_4
D:4:      layout_cave_pools, minmay_temple_entry_waves
D:5:      layout_cave_pods, hangedman_abyss_or_decor_lesser_grid, uniq_menkaure
D:6:      layout_loops_corners, gammafunk_ghost_hive, tso_altar, uniq_sigmund,
          uniq_duvessa
D:7:      layout_rooms, nicolae_overflow_crystal_walls, serial_co_window_serial,
          co_window_corner_a, co_window_cross_1, co_window_paths_b,
          co_window_paths_a, co_window_cross_1, co_window_2corner,
          co_window_broadway_b, co_window_unsneaky_path_c, co_window_paths_c,
          co_window_4corner_b, uniq_prince_ribbit1, uniq_pikel,
          uniq_crazy_yiuf_cottage
Temple:   regret_index_temple_generic_petals

Skill      XL: |  1  2  3  4  5  6 |
---------------+-------------------+-----
Spellcasting   | 1 2 3 |  3.4
Throwing       | 3 4 5 6 |  6.0
Fighting       | |  2.0
Short Blades   | |  2.0
Dodging        | |  1.0
Stealth        | |  5.3

Action                   |  1- 3 |  4- 6 |  7- 9 || total
-------------------------+-------+-------+-------++-------
Melee: Dagger            |    53 |   110 |     5 ||   168
       Constrict         |    15 |    21 |     2 ||    38
       Tentacles         |     7 |    20 |       ||    27
Throw: Dart              |       |     1 |       ||     1
 Stab: Sleeping          |     9 |     3 |       ||    12
Armor: Skin              |     1 |     5 |       ||     6
Dodge: Dodged            |    21 |    81 |     3 ||   105
